Map: [ESL] Ancient Cistern

Players

goblin

  • Race: Protoss Protoss
  • Spawn Location: 7:00

Strange - Winner!

  • Race: Protoss Protoss
  • Spawn Location: 1:00

Event: ESL SC2 Masters 2023 Summer (Regionals)

VOD

Have the link to the VOD?

Description

Time

  • Played on: May 10, 2023, 10:34 a.m.
  • Length: 9:27

All games in this series

Show
View Real Time Build Order
Export as new Build Order

goblin Protoss 

Build Orders: Blink Stalkers 

Get SALT Encoding   

  12  0:00  Probe  
  13  0:12  Probe  
  14  0:17  Pylon  
  14  0:24  Probe (Chrono Boost)  
  15  0:36  Gateway  
  15  0:37  Probe (Chrono Boost)  
  16  0:44  Probe (Chrono Boost)  
  16  0:46  Assimilator  
  17  0:51  Probe  
  17  0:54  Assimilator  
  18  1:03  Probe (Chrono Boost)  
  19  1:07  Gateway  
  19  1:13  Probe (Chrono Boost)  
  19  1:18  Probe (Chrono Boost)  
  20  1:24  Cybernetics Core  
  21  1:29  Probe  
  22  1:35  Pylon  
  22  1:41  Probe  
  23  1:53  Probe  
  24  2:02  Stalker, Sentry  
  24  2:04  Warp Gate  
  28  2:09  Pylon  
  28  2:12  Probe  
  29  2:18  Pylon  
  29  2:25  Stalker  
  29  2:28  Probe  
  32  2:32  Sentry  
  34  2:41  Probe  
  35  2:54  Nexus  
  35  2:55  Probe  
  36  3:03  Pylon  
  36  3:07  Stalker  
  36  3:10  Probe  
  39  3:19  Twilight Council  
  39  3:23  Sentry  
  39  3:25  Probe  
  42  3:37  Probe  
  43  3:49  Blink (Chrono Boost)  
  43  3:50  Probe  
  43  3:53  Stalker  
  43  3:54  Shield Battery  
  46  4:02  Probe  
  47  4:05  Stalker  
  47  4:07  Probe  
  50  4:15  Probe (Chrono Boost), Shield Battery  
  51  4:19  Probe (Chrono Boost)  
  51  4:21  Stalker  
  54  4:28  Pylon  
  56  4:31  Probe (Chrono Boost)  
  56  4:32  Probe (Chrono Boost)  
  56  4:36  Probe (Chrono Boost)  
  58  4:38  Probe (Chrono Boost)  
  58  4:39  Stalker, Assimilator  
  60  4:46  Probe  
  60  4:47  Stalker  
  60  4:50  Probe  
  64  4:56  Robotics Facility  
  64  4:58  Probe  
  65  5:02  Probe  
  65  5:04  Shield Battery  
  66  5:10  Probe  
  67  5:14  Probe  
  67  5:15  Pylon  
  67  5:19  Stalker, Shield Battery  
  70  5:37  Pylon  
  70  5:38  Nexus  
  70  5:39  Probe x2  
  70  5:41  Assimilator  
  70  5:42  Stalker  
  74  5:43  Stalker  
  74  5:46  Observer  
  77  5:51  Robotics Bay  
  77  5:58  Probe x2  
  79  6:10  Observer (Chrono Boost)  
  80  6:11  Probe x2  
  80  6:14  Gateway  
  80  6:15  Gateway  
  82  6:19  Gateway  
  82  6:21  Stalker x2  
  82  6:23  Forge  
  82  6:24  Pylon  
  86  6:40  Disruptor (Chrono Boost)  
  89  6:47  Shield Battery  
  89  6:48  Shield Battery  
  89  7:01  Protoss Ground Weapons Level 1  
  89  7:06  Disruptor (Chrono Boost)  
  90  7:08  Stalker x2  
  90  7:10  Pylon  
  90  7:13  Photon Cannon  
  90  7:14  Photon Cannon  
  94  7:16  Pylon  
  94  7:20  Gateway  
  94  7:21  Gateway  
  93  7:31  Photon Cannon  
  93  7:34  Disruptor (Chrono Boost), Pylon  
  96  7:51  Stalker, Shield Battery  
  94  7:52  Stalker  
  94  7:53  Disruptor (Chrono Boost), Zealot x2  
  94  7:54  Shield Battery  
  91  8:11  Shield Battery  
  91  8:12  Shield Battery  
  91  8:19  Disruptor (Chrono Boost), Pylon  
  89  8:20  Pylon  
  82  8:29  Zealot  
  82  8:30  Zealot x3  
  69  8:51  Disruptor (Chrono Boost)  
  72  8:58  Stalker x2  
  72  8:59  Zealot x3, Stalker  
Show
View Real Time Build Order
Export as new Build Order

Strange Protoss - Winner!

Build Orders: Phoenix Opening 

Get SALT Encoding   

  12  0:00  Probe  
  13  0:12  Probe  
  14  0:17  Pylon  
  14  0:24  Probe  
  15  0:35  Gateway  
  15  0:36  Probe (Chrono Boost)  
  16  0:46  Probe (Chrono Boost), Assimilator  
  17  0:51  Probe (Chrono Boost)  
  17  0:54  Assimilator  
  18  1:03  Probe (Chrono Boost)  
  19  1:07  Gateway  
  19  1:12  Probe (Chrono Boost)  
  19  1:17  Probe (Chrono Boost)  
  20  1:24  Cybernetics Core  
  21  1:29  Probe  
  22  1:34  Pylon  
  22  1:41  Probe  
  23  1:53  Probe  
  24  1:59  Warp Gate (Chrono Boost)  
  24  2:00  Stalker, Sentry  
  28  2:05  Probe  
  29  2:08  Pylon  
  29  2:17  Probe  
  30  2:26  Pylon, Stalker  
  32  2:30  Sentry  
  32  2:31  Phoenix  
  34  2:49  Nexus  
  34  2:51  Probe  
  35  2:58  Shield Battery  
  35  3:03  Probe  
  36  3:13  Pylon  
  36  3:16  Probe  
  37  3:21  Robotics Facility  
  37  3:28  Probe (Chrono Boost)  
  38  3:39  Adept  
  38  3:40  Probe (Chrono Boost), Adept  
  43  3:46  Probe (Chrono Boost)  
  45  3:57  Probe (Chrono Boost)  
  45  4:00  Probe (Chrono Boost)  
  45  4:01  Stalker  
  45  4:02  Sentry  
  52  4:10  Probe x2 (Chrono Boost), Observer  
  52  4:16  Twilight Council  
  53  4:18  Probe  
  53  4:22  Probe, Forge  
  55  4:29  Immortal (Chrono Boost)  
  55  4:35  Probe  
  55  4:36  Probe  
  61  4:38  Assimilator  
  61  4:43  Assimilator  
  61  4:47  Probe  
  61  4:49  Pylon  
  62  4:56  Blink  
  62  5:06  Protoss Ground Weapons Level 1  
  64  5:07  Probe x2  
  64  5:13  Pylon  
  64  5:15  Observer  
  64  5:19  Probe x2  
  64  5:20  Immortal (Chrono Boost)  
  66  5:25  Pylon  
  70  5:31  Probe  
  70  5:34  Gateway  
  70  5:35  Gateway, Sentry  
  73  5:49  Pylon  
  73  5:52  Immortal (Chrono Boost)  
  77  5:57  Stalker  
  77  6:00  Gateway  
  77  6:01  Gateway  
  79  6:10  Pylon  
  79  6:12  Sentry  
  81  6:20  Pylon  
  81  6:25  Warp Prism (Chrono Boost)  
  83  6:35  Stalker x3  
  83  6:39  Pylon  
  89  6:40  Stalker  
  89  6:42  Pylon  
  91  6:49  Observer (Chrono Boost)  
  91  6:57  Stalker x2  
  91  6:58  Stalker  
  97  7:09  Pylon  
  97  7:11  Stalker x2  
  101  7:17  Pylon  
  101  7:37  Stalker x5  
  107  7:59  Stalker  
  107  8:03  Stalker x5  
  100  8:28  Stalker x6  
  86  8:51  Stalker x4  
  86  8:52  Stalker x2  
  93  9:14  Stalker x4  
Tags
 
Add a new tag
Caveats
  • Supply blocks, unpowered buildings, or Contaminate may cause inaccurate times.
  • Supply counts are checked every 10 seconds.